 Dungeon Crawl Stone Soup version 0.24-a0-201-gf205589 (webtiles) character file.

Game seed: 15110388032643786539

46 Borgoz the Skirmisher (level 3, -20/23 HPs)
             Began as a Gargoyle Monk on Mar 26, 2019.
             Demolished by an ogre
             ... wielding a cursed -3 giant club
              (21 damage)
             ... on level 3 of the Dungeon.
             The game lasted 00:02:37 (1544 turns).

Borgoz the Skirmisher (Gargoyle Monk)               Turns: 1544, Time: 00:02:37

Health: -20/23     AC: 10    Str: 14    XL:     3   Next: 66%
Magic:  3/3        EV: 12    Int: 10    God:
Gold:   101        SH:  0    Dex: 13    Spells: 2/2 levels left

rFire    . . .     SeeInvis .   a - +0 short sword
rCold    . . .     Gourm    .   (no shield)
rNeg     + . .     Faith    .   h - +1 leather armour
rPois    ∞         Spirit   .   (no helmet)
rElec    +         Reflect  .   i - +2 cloak
rCorr    .         Harm     .   (no gloves)
MR       .....                  (no boots)
Stlth    ++........             (no amulet)
HPRegen  0.07/turn              (no ring)
MPRegen  0.08/turn              (no ring)

@: no status effects
A: negative energy resistance 1, electricity resistance, unbreathing,
petrification resistance, rot immunity, AC +3
a: no special abilities


You were on level 3 of the Dungeon.
You were very hungry.

You visited 1 branch of the dungeon, and saw 3 of its levels.

You collected 101 gold pieces.

Inventory:

Hand Weapons
 a - a +0 short sword (weapon)
 f - a +1 vampiric dagger
Missiles
 b - 3 tomahawks (quivered)
Armour
 h - a +1 leather armour (worn)
 i - a +2 cloak (worn)
Scrolls
 e - a scroll of teleportation
Potions
 d - a potion of invisibility
 g - a potion of agility {unknown}
 j - a potion of lignification {unknown}
 k - a potion of curing {unknown}
 n - a potion of cancellation {unknown}
 o - a potion of degeneration {unknown}
 p - a potion of ambrosia {unknown}
Comestibles
 c - 2 rations


   Skills:
 + Level 3.5 Fighting
 * Level 3.0 Short Blades
 + Level 0.4 Throwing
 + Level 1.0 Armour
 * Level 2.7 Dodging
 + Level 2.6 Stealth
 + Level 0.4 Spellcasting


You had 2 spell levels left.
You didn't know any spells.
Your spell library was empty.

Dungeon Overview and Level Annotations

Branches:
Dungeon (3/15)

Altars:
Makhleb


Innate Abilities, Weirdness & Mutations

You are resistant to torment.
Your stone body is resilient. (AC +3)
You are immune to poison.
You resist negative energy. (rN+)
You are resistant to electric shocks. (rElec)
You can survive without breathing.
You are immune to petrification.
You are immune to rotting.


Message History

The ogre is moderately wounded.
You hit the ogre.
The ogre is moderately wounded.
The ogre barely misses you.
You barely miss the ogre.
The ogre is moderately wounded.
The ogre completely misses you.
You hit the ogre.
The ogre is heavily wounded.
You barely miss the ogre.
The ogre is heavily wounded.
You hear the slow rusting of a drain nearby.
The ogre hits you with a cursed -3 giant club!!
Ouch! That really hurt!
* * * LOW HITPOINT WARNING * * *
You hit the ogre.
The ogre is severely wounded.
The ogre hits you with a cursed -3 giant club!!
Ouch! That really hurt!
You die...

#............#
#............#
#.)..........#####
#####.#..........#
#.#..........#
#.#..........#
#.#..........#
#.#.........†#
#.#......@.<.#
#.#.......O..#
###....##.#.....
#....##.#.#...
........##.#.# ##
.........##.#.#
......#####.#.#
......# #.# #.####
.#


You could see an ogre.

Vanquished Creatures
  2 worms (D:2)
  2 leopard geckos (D:1)
  An orc (D:2)
  6 bats
  4 giant cockroaches
  5 goblins
  4 hobgoblins
  A frilled lizard (D:1)
  5 kobolds
  6 rats
36 creatures vanquished.

Notes
Turn   | Place    | Note
-------+----------+-------------------------------------------
     0 | D:1      | Borgoz the Gargoyle Monk began the quest for the Orb.
     0 | D:1      | Reached XP level 1. HP: 14/14 MP: 1/1
    50 | D:1      | Reached XP level 2. HP: 14/19 MP: 2/2
   408 | D:1      | Reached XP level 3. HP: 23/23 MP: 3/3
   763 | D:2      | Found a burning altar of Makhleb.
  1001 | D:2      | Reached skill level 1 in Armour
  1525 | D:3      | Noticed an ogre
  1543 | D:3      | HP: 1/23 [ogre/cursed -3 giant club (22)]
  1544 | D:3      | Demolished by an ogre

Levels and vault maps discovered:
D:1:      scummos_arrival_forest, layout_loops_cross,
          chequers_serial_rivers_small_a
D:2:      layout_rooms, bloody_makhleb
D:3:      layout_basic, kennysheep_slug_shrine, grunt_temple_overflow_open,
          gup_sewer_entry_glass, fedhas_altar_3

Skill      XL: |  1  2  3 |
---------------+----------+-----
Short Blades   | 3 |  3.0
Armour         | 1 |  1.0
Fighting       | |  3.5
Throwing       | |  0.4
Dodging        | |  2.7
Stealth        | |  2.6
Spellcasting   | |  0.4

Action                   || total
-------------------------++-------
Melee: Short sword       ||   143
  Use: Scroll            ||     6
 Stab: Sleeping          ||     7
  Eat: Chunk             ||     1
Armor: Robe              ||    21
       Leather armour    ||    21
Dodge: Dodged            ||    81

Table legend:
 A = Non-vault XP
 B = Vault XP
 C = Vault XP percentage of total XP
 D = Non-vault monster count
 E = Vault monster count
 F = Vault count percentage of total count
                 A         B        C        D         E       F
            +---------+---------+-------+---------+---------+-------
      Total |      66 |       0 |   0.0 |      36 |       0 |   0.0
            +---------+---------+-------+---------+---------+-------
        D:1 |      34 |       0 |   0.0 |      21 |       0 |   0.0
        D:2 |      28 |       0 |   0.0 |      13 |       0 |   0.0
        D:3 |       4 |       0 |   0.0 |       2 |       0 |   0.0
            +---------+---------+-------+---------+---------+-------
